 Dungeon Crawl Stone Soup version 0.30.0-5-g1a98f26d00 (webtiles) character file.

Game seed: 1119691230992212028

105 NinjaNoafa the Firebug (level 4, -2/23 HPs)
             Began as a Vine Stalker Fire Elementalist on May 11, 2023.
             Blown up by Ijyb (13 damage)
             ... with a mindburst bolt
             ... on level 3 of the Dungeon.
             The game lasted 00:03:04 (1929 turns).

NinjaNoafa the Firebug (VSFE)                       Turns: 1929, Time: 00:03:04

Health: -2/23      AC:  9    Str: 11    XL:     4   Next: 83%
Magic:  0/8        EV: 11    Int: 15    God:
Gold:   160        SH:  0    Dex: 16    Spells: 6/7 levels left

rFire   . . .        a - +1 short sword (venom)
rCold   . . .        (no shield)
rNeg    . . .        k - +4 ring mail
rPois   .            (no helmet)
rElec   .            (no cloak)
rCorr   .            (no gloves)
SInv    .            (no boots)
Will    .....        (no amulet)
Stlth   ++           (no ring)
HPRegen 1.03/turn    (no ring)
MPRegen 0.11/turn

%: guardian spirit
@: no status effects
A: fangs 2, regeneration 1, magic shield, antimagic bite, no potion heal 2
a: no special abilities


You were on level 3 of the Dungeon.
You visited 1 branch of the dungeon, and saw 3 of its levels.

You collected 160 gold pieces.

Inventory:

Hand Weapons
 a - a +1 short sword of venom (weapon)
 b - a +0 dagger
Missiles
 g - 5 boomerangs
Armour
 k - a +4 ring mail (worn)
Jewellery
 m - a ring of fire
Wands
 p - a wand of roots (7)
Scrolls
 c - 5 scrolls of teleportation {unknown}
 d - a scroll of magic mapping {unknown}
 i - 4 scrolls of identify {unknown}
 j - a scroll of vulnerability {unknown}
 n - a scroll of noise {unknown}
 o - a scroll of brand weapon {unknown}
Potions
 e - 2 potions of might {unknown}
 f - 2 potions of magic
 h - a potion of flight {unknown}
 l - a potion of lignification {unknown}


   Skills:
 + Level 2.1 Fighting
 + Level 1.9 Short Blades
 + Level 2.6 Dodging
 - Level 2.4 Stealth
 - Level 2.1 Spellcasting
 - Level 1.0 Conjurations
 - Level 3.0 Fire Magic


You had 6 spell levels left.
You knew the following spells:

 Your Spells              Type           Power      Damage    Failure   Level
a - Foxfire               Conj/Fire      28%        2x1d5     24%         1

Your spell library contained the following spells:

 Spells                   Type           Power      Damage    Failure   Level
 Scorch                   Fire           20%        2d6       24%         2
 Magic Dart               Conj           16%        1d3       34%         1
 Call Imp                 Summ           2%         N/A       63%         2
 Inner Flame              Hex/Fire       6%         N/A       65%         3
 Volatile Blastmotes      Fire/Tloc      12%        2d11      65%         3
 Mephitic Cloud           Conj/Pois/Air  2%         N/A       80%         3
 Flame Wave               Conj/Fire      7%         2d5       93%         4
 Summon Cactus Giant      Summ           0%         N/A       100%        6


Dungeon Overview and Level Annotations

Branches:
Dungeon (3/15) Zot: 16073

Altars:
Nemelex Xobeh

Shops:
D:1 =

Annotations:
D:3 Ijyb


Innate Abilities, Weirdness & Mutations

You have extremely sharp teeth.
Your natural rate of healing is unusually fast.
When hurt, damage is shared between your health and your magic reserves.
Your bite disrupts and absorbs the magic of your enemies.
Potions cannot restore your health.


Message History

A quokka is nearby!
A quokka is nearby!
You hit the quokka but do no damage.
The quokka is poisoned.
The quokka is severely wounded.
You kill the quokka!
You see here an iguana corpse.
Found 12 gold pieces.
Found a scroll labelled KUXOCIYKKI.
m - a ring of fire You see here 8 stones.
Okay, then.
You now have 139 gold pieces (gained 6).
n - a scroll labelled KUXOCIYKKI You now have 151 gold pieces (gained 12).
You see here an iguana corpse.
c - 5 scrolls labelled YMAMIU FEDWU (gained 1)
o - a scroll labelled ZOTEKE ZIRO You open the door.
There is an open door here.
Found an escape hatch in the ceiling.
You now have 160 gold pieces (gained 9).
p - a wand of roots (7) No target in view!
No target in view!
No target in view!
As you open the door, it creaks loudly!
You hear a shout!
Found a stone staircase leading down.
Ijyb the Twisted Goblin comes into view.
She is wielding a +0 dagger, wearing a +3 leather armour of poison resistance and carrying a wand of mindburst (15).
There is an open door here.
Ijyb zaps a wand.
Your mind is blasted!
Ouch! That really hurt!
* * * LOW HITPOINT WARNING * * *
Unknown command.
Unknown command.
Unknown command.
Unknown command.
There is an open door here.
Ijyb zaps a wand.
Your mind is blasted!
Ouch! That really hurt!
You die...

##### #...# #...#
######### #...#
##.......#####...#####.#.#
.................'...g..>#
##.......#####..@#####.#.#
#.......# ##### #<......#
#.......# #.......#
#.......# #########
#......# #......#


You could see Ijyb.

Vanquished Creatures
  An iguana (D:3)
  3 adders (D:2)
  2 dart slugs
  An orc (D:3)
  10 endoplasms
  2 giant cockroaches (D:1)
  3 goblins
  A hobgoblin (D:3)
  5 quokkas
  3 ball pythons
  4 bats
  3 frilled lizards
  6 kobolds
  A rat (D:1)
45 creatures vanquished.

Vanquished Creatures (others)
  17 foxfires (D:1)
17 creatures vanquished.

Grand Total: 62 creatures vanquished

Notes
Turn   | Place    | Note
-------+----------+-------------------------------------------
     0 | D:1      | NinjaNoafa the Vine Stalker Fire Elementalist began the
                  | quest for the Orb.
     0 | D:1      | Reached XP level 1. HP: 9/9 MP: 4/4
   218 | D:1      | Reached XP level 2. HP: 14/14 MP: 6/6
   315 | D:1      | Reached skill level 1 in Fighting
   436 | D:1      | Reached skill level 1 in Short Blades
   436 | D:1      | Reached XP level 3. HP: 18/18 MP: 7/7
   638 | D:1      | Found Nuloun's Jewellery Shoppe.
  1007 | D:2      | Found a sparkling altar of Nemelex Xobeh.
  1099 | D:2      | Gained mutation: Your natural rate of healing is unusually
                  | fast. [Vine Stalker growth]
  1099 | D:2      | Reached XP level 4. HP: 18/22 MP: 6/8
  1152 | D:2      | Identified the +3 mace of the Last Tables {freeze, *Rage
                  | rPois rN++ Stlth+}
  1926 | D:3      | Noticed Ijyb
  1929 | D:3      | Blown up by Ijyb

Illustrated notes

Levels and vault maps discovered:
D:1:      noname_arrival_rooms_in_the_neighbourhood, layout_loops_ring,
          serial_shops, nicolae_shop_tiny_real_fake_doors, minmay_crystal_water
D:2:      layout_loops_ring, basic_altar, grunt_ministairs_5,
          hangedman_decor_clover_reticule, minmay_tree_intersection
D:3:      layout_basic, uniq_ijyb

Skill      XL: |  1  2  3  4 |
---------------+-------------+-----
Fighting       | 1 2 |  2.1
Dodging        | 2 |  2.6
Short Blades   | 1 |  1.9
Stealth        | |  2.4
Spellcasting   | |  2.1
Conjurations   | |  1.0
Fire Magic     | |  3.0

Action                     |  1- 3 |  4- 6 || total
---------------------------+-------+-------++-------
  Melee: Short sword       |    55 |    34 ||    89
         Bite              |    14 |    12 ||    26
         Punch             |       |     1 ||     1
   Cast: Foxfire           |    15 |       ||    15
   Stab: Sleeping          |     8 |     2 ||    10
 Armour: Robe              |    17 |     3 ||    20
         Ring mail         |       |     3 ||     3
  Dodge: Dodged            |    38 |    17 ||    55
